 Dungeon Crawl Stone Soup version 0.19.0-24-gb05acd6 (webtiles) character file.

16 ChaseSP the Changer (level 2, -1/14 HPs)
             Began as a Vine Stalker Transmuter on Nov 22, 2016.
             Slain by a kobold
             ... wielding a +0 whip
              (2 damage)
             ... on level 1 of the Dungeon.
             The game lasted 00:00:52 (506 turns).

ChaseSP the Changer (Vine Stalker Transmuter)        Turns: 506, Time: 00:00:53

Health: -1/14      AC:  3    Str: 12    XL:     2   Next: 54%
Magic:  0/6        EV: 12    Int: 13    God:
Gold:   57         SH:  0    Dex: 14    Spells: 2 memorised, 2 levels left

rFire  . . .     SeeInvis .       - Unarmed
rCold  . . .     Gourm    .     b - +0 robe
rNeg   . . .     Faith    .     (no shield)
rPois  .         Spirit   +     (no helmet)
rElec  .         Reflect  .     (no cloak)
rCorr  .         Harm     .     e - +0 pair of gloves
MR     .....                    (no boots)
Stlth  +.........               (no amulet)
                                (no ring)
                                (no ring)

@: appendage
A: fangs 2, horns 2, magic shield, antimagic bite, no device heal 3, rot
immunity
a: End Transformation


You were on level 1 of the Dungeon.
You were not hungry.
You had grown temporary horns.
You visited 1 branch of the dungeon, and saw 1 of its levels.

You collected 57 gold pieces.

Inventory:

Missiles
 a - 12 arrows
Armour
 b - a +0 robe (worn)
 e - a +0 pair of gloves (worn)
Scrolls
 j - 2 scrolls of identify {unknown}
 k - a scroll of teleportation {unknown}
 m - a scroll of enchant weapon {unknown}
Potions
 g - a potion of cancellation {unknown}
 l - a potion of heal wounds {unknown}
 n - 2 potions of curing {unknown}
Books
 c - a book of Changes

   Spells                             Type                      Level
   a - Beastly Appendage              Transmutation                1
   b - Sticks to Snakes               Transmutation                2
   c - Spider Form                    Transmutation/Poison         3
   d - Ice Form                       Ice/Transmutation            4
   e - Blade Hands                    Transmutation                5
Comestibles
 d - a bread ration
 f - 9 chunks of flesh
 h - a beef jerky
 i - a meat ration


   Skills:
 - Level 0.8 Fighting
 - Level 1.5 Dodging
 - Level 3.0 Unarmed Combat
 - Level 2.1 Spellcasting
 + Level 3.1 Transmutations


You had 2 spell levels left.
You knew the following spells:

 Your Spells              Type           Power        Failure   Level  Hunger
a - Beastly Appendage     Tmut           #.....       10%         1    ##.....
b - Sticks to Snakes      Tmut           #.......     12%         2    ###....


Dungeon Overview and Level Annotations

Branches:
Dungeon (1/15)

Altars:


Innate Abilities, Weirdness & Mutations

You have extremely sharp teeth.
When hurt, damage is shared between your health and your magic reserves.
Your bite disrupts and absorbs the magic of your enemies.
Potions and wands cannot restore your health.
You are immune to rotting.
You have a pair of horns on your head.


Message History

A kobold comes into view. It is wielding a whip.
The kobold shouts!
A kobold is nearby!
The kobold hits you with a whip.
You hit the kobold but do no damage. Your bite misses the kobold.
The kobold hits you with a whip.
* * * LOW HITPOINT WARNING * * *
You are too injured to fight recklessly!
You are too injured to fight recklessly!
You are too injured to fight recklessly!
Casting: Beastly Appendage
Confirm with . or Enter, or press ? or * to list all spells.
You grow a pair of large bovine horns.
The kobold hits you with a whip.
You hit the kobold but do no damage. Your headbutt misses the kobold.
Your bite misses the kobold. The kobold hits you with a whip.
* * * LOW HITPOINT WARNING * * *
You hit the kobold. You bite the kobold, but do no damage.
The kobold is heavily wounded.
The kobold hits you with a whip.
You die...

.............#
#..# #....#.#
.###...###...#
#..###.####.# .#
#.>.# #.⌠.#
#####......# #.##
.# #...# #...#
#.....##.######..#
## ##### #####
#######...........
#..######... #####
#..# ##.#
......##### #..#
#.# ......K@..#
#... #.#
..#.#.###.# #.#.
#.# #..#.#.###.#
#. . #.#
#.........#.# #.
#####.#
>#.........#.# #.
(..#.#
......(....#.# #.#
.....
...........#.# #.#
#... #
#.........#.# #.#
#...
#.#.........#.#
#.# #..


You could see a kobold.

Vanquished Creatures
  A dart slug (D:1)
  A leopard gecko (D:1)
  A giant cockroach (D:1)
  A goblin (D:1)
  4 jackals (D:1)
  A kobold (D:1)
  A frilled lizard (D:1)
  A rat (D:1)
11 creatures vanquished.

Notes
Turn   | Place    | Note
-------+----------+-------------------------------------------
     0 | D:1      | ChaseSP the Vine Stalker Transmuter began the quest for the Orb.
     0 | D:1      | Reached XP level 1. HP: 9/9 MP: 4/4
   279 | D:1      | Reached XP level 2. HP: 5/14 MP: 6/6
   297 | D:1      | Learned a level 2 spell: Sticks to Snakes
   506 | D:1      | Slain by a kobold

Skill      XL: |  1  2 |
---------------+-------+-----
Transmutations | 3 |  3.1
Fighting       | |  0.8
Dodging        | |  1.5
Unarmed Combat | |  3.0
Spellcasting   | |  2.1

Action                   || total
-------------------------++-------
Melee: Unarmed           ||    48
       Bite              ||    13
 Cast: Beastly Appendage ||     2
Armor: Robe              ||    14
Dodge: Dodged            ||    26
